TOP OF THE 1ST |
Florida State University Seminoles batting - Pitching for Coastal Carolina University Chanticleers : RHP Eddie Larnach
|
Pitching: RHP Eddie Larnach
|
|
Batting: SHB Sammar Wambugu
|
0-0: Ball 1-0: Called Strike 1-1: Foul Ball, location: 2F 1-2: Ball 2-2: Strikes out swinging
|
Batting: RHB Emilio Guerra
|
0-0: Ball 1-0: Called Strike 1-1: Ball 2-1: Ground out 4-3 (Groundball, 4, EV 88.1 MPH)
|
Batting: RHB Butch Huskey
|
0-0: Swinging Strike 0-1: Ball 1-1: Ball 2-1: Called Strike 2-2: Foul Ball, location: 2F 2-2: Strikes out swinging
|
Top of the 1st over - 0 runs, 0 hits, 0 errors, 0 left on base; Florida State University 0 - Coastal Carolina University 0 |
BOTTOM OF THE 1ST |
Coastal Carolina University Chanticleers batting - Pitching for Florida State University Seminoles : RHP Greg Wilkinson
|
Pitching: RHP Greg Wilkinson
|
|
Batting: RHB Chris Marcellus
|
0-0: Called Strike 0-1: Foul Ball, location: 2F 0-2: Ball 1-2: Ground out 6-3 (Groundball, 6S, EV 85.0 MPH)
|
Batting: LHB Orlando Hurtado
|
0-0: Ball 1-0: Called Strike 1-1: Foul Ball, location: 2F 1-2: Ball 2-2: Ball 3-2: Ground out 5-3 (Groundball, 5S, EV 85.0 MPH)
|
Batting: LHB Justin Sanders
|
0-0: Called Strike 0-1: Foul Ball, location: 2F 0-2: Ball 1-2: Ground out 6-3 (Groundball, 6M, EV 90.0 MPH)
|
Bottom of the 1st over - 0 runs, 0 hits, 0 errors, 0 left on base; Florida State University 0 - Coastal Carolina University 0 |
TOP OF THE 2ND |
Florida State University Seminoles batting - Pitching for Coastal Carolina University Chanticleers : RHP Eddie Larnach
|
Batting: LHB Ethan Ware
|
0-0: Ball 1-0: Ground out 4-3 (Groundball, 4, EV 88.1 MPH)
|
Batting: RHB Ed Vilches
|
0-0: Ball 1-0: Called Strike 1-1: Foul Ball, location: 2F 1-2: Ball 2-2: Foul Ball, location: 2F 2-2: Ball 3-2: DOUBLE (Line Drive, 7LS, EV 106.9 MPH)
|
Batting: RHB Tony Valdez
|
0-0: Ball 1-0: Swinging Strike 1-1: Ball 2-1: Fly out, F8 (Line Drive, 8RM, EV 103.1 MPH)
|
Batting: RHB Larry Berge
|
0-0: Foul Ball, location: 2F 0-1: Foul Ball, location: 2F 0-2: Ball 1-2: Ball 2-2: Ball 3-2: Strikes out swinging
|
Top of the 2nd over - 0 runs, 1 hit, 0 errors, 1 left on base; Florida State University 0 - Coastal Carolina University 0 |
BOTTOM OF THE 2ND |
Coastal Carolina University Chanticleers batting - Pitching for Florida State University Seminoles : RHP Greg Wilkinson
|
Batting: RHB Tristan Williams
|
0-0: Called Strike 0-1: Foul Ball, location: 2F 0-2: Ball 1-2: Ball 2-2: Fly out, F8 (Flyball, 8RD, EV 89.4 MPH)
|
Batting: RHB Isaac Washington
|
0-0: Ball 1-0: Fly out, F7 (Flyball, 7, EV 96.2 MPH)
|
Batting: RHB Tatsunori Ishigaki
|
0-0: Ball 1-0: Ball 2-0: Called Strike 2-1: Ball 3-1: Called Strike 3-2: Strikes out swinging
|
Bottom of the 2nd over - 0 runs, 0 hits, 0 errors, 0 left on base; Florida State University 0 - Coastal Carolina University 0 |
TOP OF THE 3RD |
Florida State University Seminoles batting - Pitching for Coastal Carolina University Chanticleers : RHP Eddie Larnach
|
Batting: RHB Ruben Moreno
|
0-0: DOUBLE (Line Drive, 3D, EV 105.0 MPH)
|
Batting: RHB Terry Cisneros
|
0-0: Ball 1-0: Ball 2-0: Ball 3-0: Called Strike 3-1: SINGLE (Groundball, 6MD, EV 105.6 MPH) Ruben Moreno to third Runner from 3rd tries for Home, SAFE, throw by CF to home
|
Batting: SHB Sammar Wambugu
|
0-0: Called Strike 0-1: Ball 1-1: Fly out, F8 (Flyball, 78M, EV 83.1 MPH)
|
Batting: RHB Emilio Guerra
|
0-0: 2-RUN HOME RUN (Flyball, 7D, EV 96.9 MPH), Distance : 376 ft
|
Batting: RHB Butch Huskey
|
0-0: Foul Ball, location: 2F 0-1: Ball 1-1: Foul Ball, location: 2F 1-2: Fly out, F9 (Flyball, 9D, EV 98.1 MPH)
|
Batting: LHB Ethan Ware
|
0-0: Called Strike 0-1: Foul Ball, location: 2F 0-2: Ball 1-2: Foul Ball, location: 2F 1-2: SINGLE (Groundball, 34D, EV 104.4 MPH)
|
Batting: RHB Ed Vilches
|
0-0: Ground out 4-3 (Groundball, 4S, EV 71.2 MPH)
|
Top of the 3rd over - 3 runs, 4 hits, 0 errors, 1 left on base; Florida State University 3 - Coastal Carolina University 0 |
BOTTOM OF THE 3RD |
Coastal Carolina University Chanticleers batting - Pitching for Florida State University Seminoles : RHP Greg Wilkinson
|
Batting: RHB Mark Tart
|
0-0: Called Strike 0-1: Called Strike 0-2: Ball 1-2: Strikes out looking
|
Batting: RHB Armando Moreno
|
0-0: Swinging Strike 0-1: Called Strike 0-2: Strikes out swinging
|
Batting: RHB Fernando Tovar
|
0-0: Ball 1-0: Ground out 6-3 (Groundball, 6S, EV 82.5 MPH)
|
Bottom of the 3rd over - 0 runs, 0 hits, 0 errors, 0 left on base; Florida State University 3 - Coastal Carolina University 0 |
TOP OF THE 4TH |
Florida State University Seminoles batting - Pitching for Coastal Carolina University Chanticleers : RHP Eddie Larnach
|
Batting: RHB Tony Valdez
|
0-0: Called Strike 0-1: Foul Ball, location: 2F 0-2: Foul Ball, location: 2F 0-2: Foul Ball, location: 2F 0-2: Ball 1-2: Ball 2-2: Strikes out swinging
|
Batting: RHB Larry Berge
|
0-0: Called Strike 0-1: Swinging Strike 0-2: Ball 1-2: Foul Ball, location: 2F 1-2: Foul Ball, location: 2F 1-2: Ball 2-2: Ball 3-2: Foul Ball, location: 2F 3-2: Fly out, F6 (Line Drive, 6M, EV 70.0 MPH)
|
Batting: RHB Ruben Moreno
|
0-0: Ball 1-0: TRIPLE (Line Drive, 89XD, EV 106.2 MPH)
|
Batting: RHB Terry Cisneros
|
0-0: Ball 1-0: Foul Ball, location: 2F 1-1: Foul Ball, location: 2F 1-2: Strikes out looking
|
Top of the 4th over - 0 runs, 1 hit, 0 errors, 1 left on base; Florida State University 3 - Coastal Carolina University 0 |
BOTTOM OF THE 4TH |
Coastal Carolina University Chanticleers batting - Pitching for Florida State University Seminoles : RHP Greg Wilkinson
|
Batting: RHB Chris Marcellus
|
0-0: SOLO HOME RUN (Flyball, 7LD, EV 91.2 MPH), Distance : 344 ft
|
Batting: LHB Orlando Hurtado
|
0-0: Ball 1-0: Ball 2-0: Ground out 5-3 (Groundball, 56S, EV 85.6 MPH)
|
Batting: LHB Justin Sanders
|
0-0: Ball 1-0: Foul Ball, location: 2F 1-1: Foul Ball, location: 2F 1-2: Ball 2-2: Ball 3-2: Fly out, F8 (Line Drive, 8LM, EV 87.5 MPH)
|
Batting: RHB Tristan Williams
|
0-0: Called Strike 0-1: Ground out 4-3 (Groundball, 4S, EV 86.9 MPH)
|
Bottom of the 4th over - 1 run, 1 hit, 0 errors, 0 left on base; Florida State University 3 - Coastal Carolina University 1 |
TOP OF THE 5TH |
Florida State University Seminoles batting - Pitching for Coastal Carolina University Chanticleers : RHP Eddie Larnach
|
Pitching: RHP Clint Major
|
|
Batting: SHB Sammar Wambugu
|
0-0: Called Strike 0-1: Foul Ball, location: 2F 0-2: Ball 1-2: Strikes out swinging
|
Batting: RHB Emilio Guerra
|
0-0: Called Strike 0-1: Ball 1-1: Ground out 6-3 (Groundball, 6, EV 85.6 MPH)
|
Batting: RHB Butch Huskey
|
0-0: Foul Ball, location: 2F 0-1: Ground out 4-3 (Groundball, 4, EV 86.2 MPH)
|
Top of the 5th over - 0 runs, 0 hits, 0 errors, 0 left on base; Florida State University 3 - Coastal Carolina University 1 |
BOTTOM OF THE 5TH |
Coastal Carolina University Chanticleers batting - Pitching for Florida State University Seminoles : RHP Greg Wilkinson
|
Batting: RHB Isaac Washington
|
0-0: Fly out, F8 (Line Drive, 8LD, EV 88.1 MPH)
|
Batting: RHB Tatsunori Ishigaki
|
0-0: Called Strike 0-1: Ball 1-1: Ball 2-1: Swinging Strike 2-2: Ball 3-2: Strikes out looking
|
Batting: RHB Mark Tart
|
0-0: Ball 1-0: Called Strike 1-1: Foul Ball, location: 2F 1-2: Ball 2-2: Ground out 3-1 (Groundball, 34, EV 75.6 MPH)
|
Bottom of the 5th over - 0 runs, 0 hits, 0 errors, 0 left on base; Florida State University 3 - Coastal Carolina University 1 |
TOP OF THE 6TH |
Florida State University Seminoles batting - Pitching for Coastal Carolina University Chanticleers : RHP Clint Major
|
Batting: LHB Ethan Ware
|
0-0: Ball 1-0: Ball 2-0: Called Strike 2-1: Ball 3-1: Fly out, F7 (Flyball, 7, EV 80.6 MPH)
|
Batting: RHB Ed Vilches
|
0-0: Ground out U3 (Groundball, 3, EV 93.1 MPH)
|
Batting: RHB Tony Valdez
|
0-0: Ground out 4-3 (Groundball, 4, EV 104.4 MPH)
|
Top of the 6th over - 0 runs, 0 hits, 0 errors, 0 left on base; Florida State University 3 - Coastal Carolina University 1 |
BOTTOM OF THE 6TH |
Coastal Carolina University Chanticleers batting - Pitching for Florida State University Seminoles : RHP Greg Wilkinson
|
Batting: RHB Armando Moreno
|
0-0: Called Strike 0-1: Ground out 4-3 (Groundball, 4, EV 98.1 MPH)
|
Batting: RHB Fernando Tovar
|
0-0: Called Strike 0-1: Ball 1-1: Called Strike 1-2: Strikes out swinging
|
Batting: RHB Chris Marcellus
|
0-0: Ball 1-0: Called Strike 1-1: Called Strike 1-2: Strikes out swinging
|
Bottom of the 6th over - 0 runs, 0 hits, 0 errors, 0 left on base; Florida State University 3 - Coastal Carolina University 1 |
TOP OF THE 7TH |
Florida State University Seminoles batting - Pitching for Coastal Carolina University Chanticleers : RHP Clint Major
|
Batting: RHB Larry Berge
|
0-0: Ball 1-0: Swinging Strike 1-1: Ball 2-1: Foul Ball, location: 2F 2-2: Strikes out swinging
|
Batting: RHB Ruben Moreno
|
0-0: Ball 1-0: Ball 2-0: Ground out 5-3 (Groundball, 56S, EV 67.5 MPH)
|
Batting: RHB Terry Cisneros
|
0-0: Foul Ball, location: 2F 0-1: Swinging Strike 0-2: Strikes out swinging
|
Top of the 7th over - 0 runs, 0 hits, 0 errors, 0 left on base; Florida State University 3 - Coastal Carolina University 1 |
BOTTOM OF THE 7TH |
Coastal Carolina University Chanticleers batting - Pitching for Florida State University Seminoles : RHP Greg Wilkinson
|
Batting: LHB Orlando Hurtado
|
0-0: Foul Ball, location: 2F 0-1: Ball 1-1: Ball 2-1: Swinging Strike 2-2: Ball 3-2: Foul Ball, location: 2F 3-2: Foul Ball, location: 2F 3-2: Foul Ball, location: 2F 3-2: Foul Ball, location: 2F 3-2: Fly out, F4 (Popup, 23, EV 85.6 MPH)
|
Pitching: RHP Bob Guerrero
|
|
Batting: LHB Justin Sanders
|
0-0: Called Strike 0-1: Ball 1-1: Foul Ball, location: 2F 1-2: SINGLE (Groundball, 5L, EV 99.4 MPH) (infield hit)
|
Pinch Hitting: LHB Nate Kokx
|
0-0: Ball 1-0: Ball 2-0: Ball 3-0: Base on Balls Justin Sanders to second
|
Pinch Hitting: RHB Oscar Hernandez
|
0-0: Swinging Strike 0-1: Swinging Strike 0-2: Foul Ball, location: 2F 0-2: Strikes out swinging
|
Pinch Hitting: RHB Chris McDaniel
|
0-0: Foul Ball, location: 2F 0-1: Called Strike 0-2: Ball Wild Pitch! Justin Sanders to third Nate Kokx to second 1-2: Ball 2-2: Ball 3-2: Fly out, F8 (Flyball, 8LD, EV 86.2 MPH)
|
Bottom of the 7th over - 0 runs, 1 hit, 0 errors, 2 left on base; Florida State University 3 - Coastal Carolina University 1 |
TOP OF THE 8TH |
Florida State University Seminoles batting - Pitching for Coastal Carolina University Chanticleers : RHP Clint Major
|
Pitching: RHP Ruben Real
|
|
Now at 2B: Ferri Casteleijn
|
|
Now at 3B: Tim Kirby
|
|
Now at SS: Rene Napoles
|
|
Batting: SHB Sammar Wambugu
|
0-0: Foul Ball, location: 2F 0-1: Ball 1-1: Ball 2-1: Ground out 6-3 (Groundball, P, EV 78.1 MPH)
|
Batting: RHB Emilio Guerra
|
0-0: Ball 1-0: Ball 2-0: Ball 3-0: Called Strike 3-1: Called Strike 3-2: Strikes out swinging
|
Batting: RHB Butch Huskey
|
0-0: Ball 1-0: Called Strike 1-1: Called Strike 1-2: Fly out, F8 (Line Drive, 8RD, EV 93.1 MPH)
|
Top of the 8th over - 0 runs, 0 hits, 0 errors, 0 left on base; Florida State University 3 - Coastal Carolina University 1 |
BOTTOM OF THE 8TH |
Coastal Carolina University Chanticleers batting - Pitching for Florida State University Seminoles : RHP Bob Guerrero
|
Pitching: RHP Gordie DiMario
|
|
Batting: LHB Justin Kaller
|
0-0: Fly out, F7 (Flyball, 7D, EV 103.1 MPH)
|
Pinch Hitting: RHB Mike Grogan
|
0-0: Foul Ball, location: 2F 0-1: DOUBLE (Line Drive, 89M, EV 111.2 MPH)
|
Batting: RHB Fernando Tovar
|
0-0: Ball 1-0: Ground out 6-3 (Groundball, 6, EV 86.2 MPH)
|
Pinch Hitting: LHB Ramelan Nasution
|
0-0: Called Strike 0-1: Swinging Strike 0-2: Foul Ball, location: 2F 0-2: Strikes out swinging
|
Bottom of the 8th over - 0 runs, 1 hit, 0 errors, 1 left on base; Florida State University 3 - Coastal Carolina University 1 |
TOP OF THE 9TH |
Florida State University Seminoles batting - Pitching for Coastal Carolina University Chanticleers : RHP Ruben Real
|
Now in LF: Dennis Bennett
|
|
Now in RF: Ramelan Nasution
|
|
Batting: LHB John Doiron
|
0-0: Swinging Strike 0-1: Foul Ball, location: 2F 0-2: Ball 1-2: Foul Ball, location: 2F 1-2: Foul Ball, location: 2F 1-2: Strikes out swinging
|
Pinch Hitting: LHB Matt Stewart
|
0-0: Ball 1-0: Ball 2-0: Foul Ball, location: 2F 2-1: Ball 3-1: Swinging Strike 3-2: Strikes out swinging
|
Pinch Hitting: RHB George Smienk
|
0-0: Swinging Strike 0-1: Swinging Strike 0-2: SINGLE (Groundball, 56D, EV 99.4 MPH)
|
Pitching: RHP Dorian Sander
|
|
Batting: RHB Larry Berge
|
0-0: Ball 1-0: Called Strike 1-1: Foul Ball, location: 2F 1-2: Strikes out swinging
|
Top of the 9th over - 0 runs, 1 hit, 0 errors, 1 left on base; Florida State University 3 - Coastal Carolina University 1 |
BOTTOM OF THE 9TH |
Coastal Carolina University Chanticleers batting - Pitching for Florida State University Seminoles : RHP Gordie DiMario
|
Pitching: RHP John Scott
|
|
Now at C: Hastings Miller
|
|
Now at 1B: John Welsh
|
|
Now at 2B: Larry Berge
|
|
Now at 3B: Simon Barry
|
|
Now at SS: Jon Odle
|
|
Now in RF: Butch Huskey
|
|
Pinch Hitting: RHB I-po Lin
|
0-0: Called Strike 0-1: Ball 1-1: Ground out 4-3 (Groundball, 4D, EV 103.8 MPH)
|
Batting: LHB Justin Sanders
|
0-0: Ball 1-0: Swinging Strike 1-1: Swinging Strike 1-2: Ball 2-2: Strikes out swinging
|
Batting: RHB Ferri Casteleijn
|
0-0: Swinging Strike 0-1: Swinging Strike 0-2: Strikes out swinging
|
Bottom of the 9th over - 0 runs, 0 hits, 0 errors, 0 left on base; Florida State University 3 - Coastal Carolina University 1 |
|